 Dungeon Crawl Stone Soup version 0.31-a0-1591-g515db51633 (webtiles) character file.

Game seed: 10402919509199704050

933 BigPumpCobain the Ruffian (level 7, 0/93 (99) HPs)
             Began as a Troll Shapeshifter on Jan 6, 2024.
             Was a Follower of Elyvilon.
             Slain by a wight
             ... wielding a +4 trident
              (10 damage)
             ... on level 6 of the Dungeon.
             The game lasted 00:09:19 (2762 turns).

BigPumpCobain the Ruffian (Troll Shapeshifter)      Turns: 2762, Time: 00:09:20

HP:   0/93 (99)     AC: 23    Str: 23 (25) XL:     7   Next: 86%
MP:   6/6           EV:  1    Int:  6      God:    Elyvilon [*.....]
Gold: 317           SH:  0    Dex:  9      Spells: 6/6 levels left

rFire   . .          .
                       - Unarmed
rCold   . . .        (no shield)
rNeg    . . .        a - melded +1 animal skin
rPois   +            (helmet currently unavailable)
rElec   .            (cloak currently unavailable)
rCorr   +            (gloves unavailable)
SInv    .            (boots unavailable)
Will    +....        e - amulet of magic regeneration
Stlth   +            p - ring of resist corrosion
HPRegen 1.15/turn    i - ring of willpower
MPRegen 0.50/turn

%: random rage (3%)
@: tree-form, drained
A: stationary, stasis, torment immunity, boosted hp, large, unfitting armour,
(claws 3), regeneration 1, (shaggy fur 1), (tough skin 1), (hooves 1), berserk
1, deterioration 1
a: Renounce Religion, Purification


You were on level 6 of the Dungeon.
You worshipped Elyvilon.
Elyvilon was aware of your devotion.
You were a tree.
You visited 2 branches of the dungeon, and saw 7 of its levels.

You collected 317 gold pieces.

Inventory:

Armour
 a - a +1 animal skin (melded)
Jewellery
 e - an amulet of magic regeneration (around neck)
 i - a ring of willpower (right branch)
 m - a ring of wizardry
 p - a ring of resist corrosion (left branch)
Talismans
 c - a beast talisman (active)
 d - a flux talisman
 k - a serpent talisman
Wands
 h - a wand of paralysis (7)
 v - a wand of iceblast (7)
Scrolls
 f - a scroll of poison
 g - 2 scrolls of teleportation
 j - a scroll of noise
 l - a scroll of fog
 o - a scroll of vulnerability
 q - a scroll of fear {unknown}
 s - 3 scrolls of identify
Potions
 n - a potion of attraction
 r - a potion of brilliance
 u - a potion of might {unknown}


   Skills:
 + Level 2.9 Fighting
 + Level 3.2 Dodging
 * Level 6.0 Unarmed Combat
 * Level 5.7 Shapeshifting


You had 6 spell levels left.
You didn't know any spells.
Your spell library contained the following spells:

 Spells                   Type           Power      Damage    Failure   Level
 Freeze                   Ice            0%         1d3       45%         1
 Magic Dart               Conj           0%         1d3       45%         1
 Sting                    Conj/Alch      0%         1d3       45%         1
 Blink                    Tloc           0%         N/A       58%         2
 Lesser Beckoning         Tloc           0%         N/A       58%         2
 Mercury Vapours          Alch/Air       0%         N/A       58%         2
 Momentum Strike          Conj/Tloc      0%         3d8       58%         2
 Searing Ray              Conj           0%         2d4       58%         2
 Frozen Ramparts          Ice            0%         1d1       83%         3
 Hailstorm                Conj/Ice       0%         3d5       83%         3
 Tukima's Dance           Hex            0%         N/A       83%         3
 Fulminant Prism          Conj/Alch      0%         3d5       99%         4
 Olgreb's Toxic Radiance  Alch           0%         N/A       99%         4
 Passage of Golubria      Tloc           0%         N/A       99%         4
 Yara's Violent Unravell  Hex/Alch       0%         3d3       100%        5


Dungeon Overview and Level Annotations

Branches:
Dungeon (6/15)             Temple (1/1) D:5

Altars:
Ashenzari
Cheibriados
Dithmenos
Elyvilon
Fedhas
Gozag
Hepliaklqana
Kikubaaqudgha
Makhleb
Nemelex Xobeh
Okawaru
Qazlal
Ru
Sif Muna
Trog
Uskayaw
Vehumet
Wu Jian
Xom
Yredelemnul
Zin


Innate Abilities, Weirdness & Mutations

You are a tree.
Your roots penetrate the ground, keeping you stationary.
You cannot be teleported.
You are immune to unholy pain and torment.
Your maximum health is greatly increased.
Your equipment is partially melded.
You are too large for most types of armour.
((You have claws for hands.))
Your natural rate of healing is unusually fast.
((You are covered in fur. (AC +1)))
((You have tough skin. (AC +1)))
((You have large cloven feet.))
You sometimes lose your temper in combat.
Your body sometimes deteriorates upon taking damage.


Message History

You turn into a tree.
Your +1 animal skin melds into your body.
Your roots penetrate the ground.
The wight hits you but does no damage.
The wight hits you from afar with a +1 halberd of freezing.
You feel drained. The wight freezes you. The wight hits you with a +5 flail!
* * * LOW HITPOINT WARNING * * *
You feel drained.
You hit the wight.
The wight is lightly damaged.
The wight hits you from afar with a +4 trident.
* * * LOW HITPOINT WARNING * * *
You feel drained. The wight hits you but does no damage.
The wight hits you with a +5 flail!
* * * LOW HITPOINT WARNING * * *
Your body deteriorates!
You feel weakened.
You barely miss the wight.
The wight is lightly damaged.
The wight hits you but does no damage.
The wight hits you from afar with a +1 halberd of freezing.
* * * LOW HITPOINT WARNING * * *
You feel drained.
* * * LOW HITPOINT WARNING * * *
The wight freezes you.
* * * LOW HITPOINT WARNING * * *
The wight hits you but does no damage.
You hit the wight but do no damage.
The wight is lightly damaged.
The wight hits you but does no damage. x3
You pummel the wight!!
You destroy the wight!
The wight hits you from afar with a +4 trident.
* * * LOW HITPOINT WARNING * * *
The wight hits you from afar with a +1 halberd of freezing.
* * * LOW HITPOINT WARNING * * *
The wight freezes you.
* * * LOW HITPOINT WARNING * * *
Your Unarmed Combat skill increases to level 6!
You feel better.
The wight hits you from afar with a +4 trident!
You die...

### #.######
#......#
#.####.# #.#
#.# #.# #<# #♣#
###
......))..?....
......zz####...
........#
.......$#
........#
.........
......$..


You could see 2 wights.

Vanquished Creatures
  A black bear (D:3)
  An ogre (D:5)
  A phantom (D:5)
  2 scorpions (D:4)
  2 wights (D:6)
  A howler monkey (D:5)
  A bombardier beetle (D:4)
  2 hounds
  2 orc priests (D:4)
  A sleepcap (D:5)
  A jelly (D:4)
  An iguana (D:4)
  2 orc wizards (D:3)
  4 adders
  A shadow imp (D:5)
  2 ufetubi (D:5)
  A ribbon worm (D:2)
  2 dart slugs
  17 orcs
  4 ball pythons
  10 endoplasms
  3 giant cockroaches
  3 goblins (D:1)
  8 hobgoblins
  7 kobolds
  2 quokkas (D:1)
  2 bats (D:3)
  4 frilled lizards
  6 rats
94 creatures vanquished.

Notes
Turn   | Place    | Note
-------+----------+-------------------------------------------
     0 | D:1      | BigPumpCobain the Troll Shapeshifter began the quest for
                  | the Orb.
     0 | D:1      | Reached XP level 1. HP: 18/18 MP: 0/0
   174 | D:1      | Reached XP level 2. HP: 26/26 MP: 1/1
   194 | D:1      | Reached skill level 1 in Fighting
   608 | D:1      | Reached XP level 3. HP: 30/33 MP: 2/2
  1182 | D:3      | Reached XP level 4. HP: 40/41 MP: 3/3
  1182 | D:3      | Noticed a black bear
  1188 | D:3      | Killed a black bear
  1189 | D:3      | Reached skill level 4 in Unarmed Combat
  1189 | D:3      | Reached XP level 5. HP: 37/48 MP: 4/4
  1362 | D:3      | Gained mutation: You passively map a small area around you.
                  | [potion of mutation]
  1362 | D:3      | Gained mutation: Your spells are a little harder to cast,
                  | but a little more powerful. [potion of mutation]
  1363 | D:3      | Lost mutation: Your spells are a little harder to cast, but
                  | a little more powerful. [potion of mutation]
  1363 | D:3      | Lost mutation: You passively map a small area around you.
                  | [potion of mutation]
  1363 | D:3      | Gained mutation: You occasionally lose the ability to drink
                  | potions when taking damage. [potion of mutation]
  1363 | D:3      | Gained mutation: You have a pair of small antennae on your
                  | head. [potion of mutation]
  1363 | D:3      | Gained mutation: You are strong-willed. (Will+) [potion of
                  | mutation]
  1364 | D:3      | Lost mutation: You are strong-willed. (Will+) [potion of
                  | mutation]
  1364 | D:3      | Lost mutation: You have a pair of small antennae on your
                  | head. [potion of mutation]
  1364 | D:3      | Lost mutation: You occasionally lose the ability to drink
                  | potions when taking damage. [potion of mutation]
  1364 | D:3      | Gained mutation: You sometimes lose your temper in combat.
                  | [potion of mutation]
  1364 | D:3      | Gained mutation: You have large cloven feet. [potion of
                  | mutation]
  1364 | D:3      | Gained mutation: Your body sometimes deteriorates upon
                  | taking damage. [potion of mutation]
  1559 | D:3      | Found a blossoming altar of Fedhas.
  1564 | D:3      | Found a glowing silver altar of Zin.
  1564 | D:3      | Found a bloodstained altar of Trog.
  1577 | D:3      | Found a broken altar of Ashenzari.
  1581 | D:3      | Found a radiant altar of Vehumet.
  1702 | D:4      | Reached XP level 6. HP: 9/57 MP: 5/5
  1844 | D:4      | Reached skill level 5 in Unarmed Combat
  1973 | D:4      | Reached skill level 5 in Shapeshifting
  1973 | D:4      | Reached XP level 7. HP: 53/66 MP: 6/6
  2193 | D:5      | Entered Level 5 of the Dungeon
  2343 | D:5      | Found a staircase to the Ecumenical Temple.
  2367 | Temple   | Entered the Ecumenical Temple
  2376 | Temple   | Became a worshipper of Elyvilon the Healer
  2504 | D:5      | Identified the +9 shortbow "Redeomaph" {speed, *Slow rElec
                  | Str+3}
  2584 | D:5      | Found a hazy altar of Hepliaklqana.
  2590 | D:5      | Found a shimmering blue altar of Sif Muna.
  2595 | D:5      | Found a hide-covered altar of Uskayaw.
  2595 | D:5      | Found a sacrificial altar of Ru.
  2602 | D:5      | Found an ornate altar of the Wu Jian Council.
  2603 | D:5      | Reached * piety under Elyvilon
  2761 | D:6      | HP: 4/88 [wight/+1 halberd of freezing (1)]
  2762 | D:6      | Reached skill level 6 in Unarmed Combat
  2762 | D:6      | Slain by a wight

Illustrated notes

Levels and vault maps discovered:
D:1:      dpeg_arrival_water_fire, layout_loops_ring
D:2:      layout_rooms
D:3:      layout_rooms, minmay_overflow_temple_star_hex, serial_corexii_hall,
          chequers_hall_statues_y, corexii_hall_statues_l, chequers_mini_garden,
          corexii_item_surrounded_by_moat
D:4:      minmay_spotlight, layout_rooms, grunt_ministairs_13, hex_tiny
D:5:      layout_cave_pools, nicolae_overflow_hallway_of_the_gods,
          minmay_temple_entry_statues_fountains
D:6:      layout_basic, st_stairs_7, minmay_stone_trees_medium,
          kennysheep_flooded_box
Temple:   nicolae_temple_bog_church

Skill      XL: |  1  2  3  4  5  6  7 |
---------------+----------------------+-----
Fighting       | 1 2 |  2.9
Dodging        | 2 3 |  3.2
Unarmed Combat | 4 5 6 |  6.0
Shapeshifting  | 4 5 |  5.7

Action                     |  1- 3 |  4- 6 |  7- 9 || total
---------------------------+-------+-------+-------++-------
  Melee: Unarmed           |    84 |    70 |    40 ||   194
         Kick              |       |    14 |     9 ||    23
         Punch             |       |     2 |       ||     2
    Use: Scroll            |     4 |     5 |       ||     9
         Potion            |       |     6 |     2 ||     8
 Armour: Animal skin       |    39 |    54 |    29 ||   122
         Skin              |       |       |    15 ||    15
  Dodge: Dodged            |    19 |    35 |    20 ||    74
   Form: Serpent           |       |       |     1 ||     1
         Beast             |       |       |     1 ||     1

Table legend: (Time is in decaauts)
 A = Elapsed time spent in this place.
 B = Non-inter-level travel time spent in this place.
 C = Inter-level travel time spent in this place.
 D = Time resting spent in this place.
 E = Time spent auto-exploring this place.
 F = Levels seen in this place.
 G = Mean time per level.
                   A        B        C        D        E       F      G
               +--------+--------+--------+--------+--------+-----+--------+
         Total |   2765 |   2645 |    120 |     40 |   2065 |   7 |  395.0 |
       Dungeon |   2746 |   2636 |    110 |     40 |   2065 |   6 |  457.7 |
        Temple |     18 |      9 |      9 |      0 |      0 |   1 |   18.0 |
               +--------+--------+--------+--------+--------+-----+--------+

Top non-repeatable levels by time:
     D:1: 749 daAuts
     D:4: 555 daAuts
     D:3: 542 daAuts
     D:5: 523 daAuts
     D:2: 353 daAuts
     D:6: 21 daAuts
  Temple: 18 daAuts
